 Dungeon Crawl Stone Soup version 0.31-a0-222-gefeffbb62a (webtiles) character file.

Game seed: 4627384011953824275

48 innerfire43 the Trooper (level 3, -1/29 HPs)
             Began as a Demonspawn Monk on July 5, 2023.
             Slain by a gnoll
             ... wielding a +0 club
              (6 damage)
             ... on level 2 of the Dungeon.
             The game lasted 00:00:49 (1097 turns).

innerfire43 the Trooper (Demonspawn Monk)           Turns: 1097, Time: 00:00:49

Health: -1/29      AC:  2    Str: 13    XL:     3   Next: 50%
Magic:  3/3        EV: 13    Int: 11    God:
Gold:   46         SH:  0    Dex: 15    Spells: 2/2 levels left

rFire   . . .        a - +0 hand axe
rCold   . . .        d - orb {light}
rNeg    . . .        b - +0 robe
rPois   .            (no helmet)
rElec   .            (no cloak)
rCorr   .            (no gloves)
SInv    +            (no boots)
Will    .....        (no amulet)
Stlth   +            i - ring of see invisible
HPRegen 0.24/turn    (no ring)
MPRegen 0.08/turn

%: no passive effects
@: glowing
A: weakness stinger 2
a: no special abilities


You were on level 2 of the Dungeon.
You visited 1 branch of the dungeon, and saw 2 of its levels.

You collected 46 gold pieces.

Inventory:

Hand Weapons
 a - a +0 hand axe (weapon)
Armour
 b - a +0 robe (worn)
 d - an orb of light (worn)
Jewellery
 i - a ring of see invisible (left hand)
Wands
 l - a wand of mindburst (12)
Scrolls
 f - a scroll of identify {unknown}
 g - a scroll of revelation {unknown}
 h - a scroll of immolation {unknown}
 j - a scroll of enchant weapon {unknown}
 k - a scroll of noise {unknown}
 m - a scroll of teleportation {unknown}
Potions
 c - a potion of ambrosia
 e - a potion of curing {unknown}


   Skills:
 + Level 3.6 Fighting
 + Level 3.2 Axes
 + Level 3.2 Dodging


You had 2 spell levels left.
You didn't know any spells.
Your spell library was empty.

Dungeon Overview and Level Annotations

Branches:
Dungeon (2/15)

Altars:
Vehumet


Innate Abilities, Weirdness & Mutations

You have a tail ending in a sharp stinger.


Message History

A rat and a gnoll come into view.
The gnoll shouts!
You hear a shout!
A gnoll comes into view. It is wielding a +0 club.
The rat moves out of view.
The gnoll hits you with a +0 spear.
There are monsters nearby!
You hit the gnoll.
You tail-slap the gnoll, but do no damage.
The gnoll is moderately wounded.
The gnoll closely misses you.
There are monsters nearby!
You hit the gnoll.
The gnoll is severely wounded.
The gnoll hits you with a +0 spear.
There are monsters nearby!
You hit the gnoll.
The gnoll is almost dead.
The gnoll closely misses you.
There are monsters nearby!
You slash the gnoll!
You kill the gnoll!
A gnoll comes into view. It is wielding a +0 halberd.
There are monsters nearby!
The gnoll shouts!
You hit the rat.
You kill the rat!
The gnoll misses you.
The gnoll hits you from afar with a +0 halberd!
There are monsters nearby!
You are too injured to fight recklessly!
There are monsters nearby!
You are too injured to fight recklessly!
There are monsters nearby!
You are too injured to fight recklessly!
There are monsters nearby!
You barely miss the gnoll.
The gnoll hits you from afar with a +0 halberd.
* * * LOW HITPOINT WARNING * * *
The gnoll hits you with a +0 club.
You die...

... #.# #.# #.#
######### #.#
#.......# ### #.#
#.#####.#
..#######.###.####
#................#
#.#######.###.##@#
#.# ##...##.##g#
..# #.....#....g
#.# ##...#######.
..# ##.## .. ..#
#.# .. ..# #.# ...
.## #+# ##. .#


You could see 2 gnolls.

Vanquished Creatures
  An adder (D:2)
  A gnoll (D:2)
  A dart slug (D:1)
  2 ball pythons
  2 endoplasms (D:2)
  A giant cockroach (D:1)
  5 hobgoblins
  3 kobolds (D:1)
  2 quokkas (D:1)
  3 bats (D:1)
  2 frilled lizards (D:2)
  A goblin (D:1)
  2 rats
26 creatures vanquished.

Notes
Turn   | Place    | Note
-------+----------+-------------------------------------------
     0 | D:1      | innerfire43 the Demonspawn Monk began the quest for the
                  | Orb.
     0 | D:1      | Reached XP level 1. HP: 18/18 MP: 1/1
   240 | D:1      | Discovered your monstrous ancestry.
   240 | D:1      | Gained mutation: You have a small tail. [demonic ancestry]
   240 | D:1      | Reached XP level 2. HP: 23/24 MP: 2/2
   793 | D:2      | Found a radiant altar of Vehumet.
   969 | D:2      | Gained mutation: You have a tail ending in a sharp stinger.
                  | [demonic ancestry]
   969 | D:2      | Reached XP level 3. HP: 20/29 MP: 3/3
  1097 | D:2      | Slain by a gnoll

Illustrated notes

Levels and vault maps discovered:
D:1:      lightli_iron_boxes, layout_loops_cross
D:2:      layout_loops_corners, basic_altar, kennysheep_small_spiral,
          nicolae_wormholes

Skill      XL: |  1  2 |
---------------+-------+-----
Axes           | 3 |  3.2
Dodging        | 3 |  3.2
Fighting       | |  3.6

Action                     || total
---------------------------++-------
  Melee: Hand axe          ||    85
         Tailslap          ||     8
 Armour: Robe              ||    13
  Dodge: Dodged            ||    66

Table legend: (Time is in decaauts)
 A = Elapsed time spent in this place.
 B = Non-inter-level travel time spent in this place.
 C = Inter-level travel time spent in this place.
 D = Time resting spent in this place.
 E = Time spent auto-exploring this place.
 F = Levels seen in this place.
 G = Mean time per level.
                   A        B        C        D        E       F      G
               +--------+--------+--------+--------+--------+-----+--------+
         Total |   1109 |   1091 |     18 |      0 |    916 |   2 |  554.5 |
       Dungeon |   1109 |   1091 |     18 |      0 |    916 |   2 |  554.5 |
               +--------+--------+--------+--------+--------+-----+--------+

Top non-repeatable levels by time:
     D:1: 801 daAuts
     D:2: 307 daAuts
